 Dungeon Crawl Stone Soup version 0.13-a0-1536-gedae9ec (webtiles) character file.

213 Kae the Vexing (level 4, -5/21 HPs)
             Began as a Spriggan Enchanter on June 9, 2013.
             Killed by divine providence
             ... invoked by an orc priest
              (13 damage)
             ... on Level 3 of the Dungeon.
             The game lasted 00:02:27 (1872 turns).

Kae the Vexing (Spriggan Enchanter)                 Turns: 1872, Time: 00:02:27

HP  -5/21        AC  3     Str  5      XL: 4   Next: 14%
MP   8/12        EV 18     Int 16      God:
Gold 136         SH  0     Dex 16      Spells:  3 memorised,  2 levels left

Res.Fire  : . . .   See Invis. : +   k - +5,+1 elf short sword
Res.Cold  : . . .   Warding    : .   b - +1 robe
Life Prot.: . . .   Conserve   : .   (shield restricted)
Res.Poison: .       Res.Corr.  : .   (helmet restricted)
Res.Elec. : .       Clarity    : .   (no cloak)
Sust.Abil.: . .     Spirit.Shd : .   (gloves unavailable)
Res.Mut.  : .       Stasis     : .   (boots unavailable)
Res.Rott. : .       Flight     : .   (no amulet)
Saprovore : . . .                    (no ring)
                                     (no ring)

@: very quick, slightly resistant to hostile enchantments, quite stealthy
A: unfitting armour, see invisible, herbivore 3, speed 3, slow metabolism 2
a: no special abilities


You were on level 3 of the Dungeon.
You were not hungry.

You visited 1 branch of the dungeon, and saw 3 of its levels.

You collected 116 gold pieces.

Inventory:

Hand weapons
 a - a +1,+1 dagger {=f}
 k - a +5,+1 elven short sword (weapon)
Missiles
 d - 12 darts (quivered)
Armour
 b - a +1 robe (worn)
Comestibles
 m - a choko
 o - a meat ration
 p - a pear
 q - 4 grapes
 v - 2 bread rations
Scrolls
 g - a scroll of enchant weapon II
 h - a scroll of identify
 j - 2 scrolls of magic mapping
 n - a scroll of remove curse
Potions
 e - a potion of porridge
 f - 4 potions of curing
 r - a potion of might {unknown}
Books
 c - a book of Maledictions

   Spells                             Type                      Level
   *Corona                            Hexes                        1
   Sure Blade                         Hexes/Charms                 2
   *Ensorcelled Hibernation           Hexes/Ice                    2
   *Confuse                           Hexes                        3
   Enslavement                        Hexes                        4
   Invisibility                       Hexes                        6


   Skills:
 + Level 2.2 Short Blades
 - Level 1.1 Throwing
 - Level 3.0 Dodging
 + Level 4.2 Stealth
 + Level 2.9 Spellcasting
 + Level 4.2 Hexes


You had 2 spell levels left.
You knew the following spells:

 Your Spells              Type           Power        Failure   Level  Hunger
a - Corona                Hex            ###....      3%          1    #......
b - Ensorcelled Hibernat  Hex/Ice        #.....       14%         2    ##.....
c - Confuse               Hex            ###.....     12%         3    ###....


Dungeon Overview and Level Annotations

Branches:
Dungeon (3/27)

Altars:


Innate Abilities, Weirdness & Mutations

You are tiny and cannot use many weapons and most armour.
You have supernaturally acute eyesight.
You are a herbivore.
You cover ground extremely quickly.
You need consume almost no food.


Message History

You start resting.
Cast which spell? (? or * to list)
Aiming: Ensorcelled Hibernation
Press: ? - help, Shift-Dir - straight line, f - orc priest
Aim: an orc priest, wielding an orcish dagger and wearing an orcish leather armour The orc priest resists.
The orc priest invokes the aid of Beogh against you.
Something smites you!
Ouch! That really hurt!
The orc priest completely misses you.
Casting: Ensorcelled Hibernation
Confirm with . or Enter, or press ? or * to list all spells.
Aiming: Ensorcelled Hibernation
Press: ? - help, Shift-Dir - straight line, f/p - orc priest
Aim: an orc priest, wielding an orcish dagger and wearing an orcish leather armour The orc priest struggles to resist.
The orc priest mumbles some strange prayers to Beogh against you.
Something smites you!
Ouch! That really hurt!
You die...

############### #....#........#
#....#........#
.o$.#############....#........##
...$..o.......o......+.......>..
....###########@.....#...)....##
#......#....%...#)
#......###.######.
###.............#.
#.......#####..⌠
#.......####....
###.....##...... #.....##.#....
#.....##.....⌠


You could see an orc priest.

Vanquished Creatures
  3 adders (D:2)
  A giant mite (D:1)
  An inept feature mimic (D:2)
  An ooze (D:1)
  2 giant cockroaches (D:1)
  6 hobgoblins
  5 kobolds
  A quokka (D:2)
  2 ball pythons
  5 bats
  3 giant newts (D:1)
  7 goblins
  2 rats
39 creatures vanquished.

Notes
Turn   | Place    | Note
--------------------------------------------------------------
     0 | D:1      | Kae, the Spriggan Enchanter, began the quest for the Orb.
     0 | D:1      | Reached XP level 1. HP: 9/9 MP: 4/4
   470 | D:1      | Reached XP level 2. HP: 13/13 MP: 6/6
   791 | D:1      | Reached skill level 4 in Hexes
   905 | D:1      | Reached XP level 3. HP: 14/16 MP: 9/9
   909 | D:1      | Learned a level 2 spell: Ensorcelled Hibernation
   913 | D:1      | Learned a level 3 spell: Confuse
  1546 | D:2      | Reached XP level 4. HP: 21/21 MP: 12/12
  1872 | D:3      | Killed from afar by an orc priest

Action                   |  1- 3 |  4- 6 || total
-------------------------+-------+-------++-------
Melee: Dagger            |    17 |       ||    17
       Short sword       |   113 |     9 ||   122
 Cast: Ensorcelled Hiber |       |     2 ||     2
  Use: Scroll            |       |    12 ||    12
 Stab: Sleeping          |     5 |       ||     5
       Distracted        |     1 |       ||     1
